 Dungeon Crawl Stone Soup version 0.28.0-43-g3370ac3207 (webtiles) character file.

Game seed: 7842148652815404761

731 Cape the Cudgeller (level 7, -3/62 HPs)
             Began as a Minotaur Fighter on Mar 11, 2022.
             Was a Follower of Wu Jian.
             Slain by a gnoll
             ... wielding a +0 halberd
              (5 damage)
             ... on level 6 of the Dungeon.
             The game lasted 00:24:00 (5974 turns).

Cape the Cudgeller (Minotaur Fighter)               Turns: 5974, Time: 00:24:01

Health: -3/62      AC: 13    Str: 22    XL:     7   Next: 45%
Magic:  6/6        EV:  6    Int:  5    God:    Wu Jian [*.....]
Gold:   267        SH:  9    Dex: 10    Spells: 4/6 levels left

rFire   . . .      SeeInvis .   a - +0 flail
rCold   . . .      Faith    .   v - +0 kite shield
rNeg    . . .      Spirit   .   w - +0 chain mail
rPois   .          Reflect  .   (helmet restricted)
rElec   .          Harm     .   c - +1 cloak {rCorr}
rCorr   +          Rampage  .   g - +0 pair of gloves
Will    .....                   (no boots)
Stlth   ..........              (no amulet)
HPRegen 0.20/turn               (no ring)
MPRegen 0.10/turn               (no ring)

@: mighty
A: horns 2, retaliatory headbutt
a: Renounce Religion


You were on level 6 of the Dungeon.
You worshipped Wu Jian.
Wu Jian was aware of your devotion.
You visited 1 branch of the dungeon, and saw 6 of its levels.

You collected 267 gold pieces.

Inventory:

Hand Weapons
 a - a +0 flail (weapon)
Missiles
 r - 3 boomerangs
 z - 3 poisoned darts
Armour
 c - a +1 cloak of preservation (worn)
 g - a +0 pair of gloves (worn)
 v - a +0 kite shield (worn)
 w - a +0 chain mail (worn)
Jewellery
 x - a ring of see invisible
Wands
 q - a wand of iceblast (9) (quivered)
Scrolls
 b - a scroll of fear {unknown}
 j - a scroll of fog {unknown}
 k - 3 scrolls of identify {unknown}
 l - 3 scrolls of teleportation {unknown}
 m - a scroll of amnesia {unknown}
 o - a scroll of enchant weapon {unknown}
 s - a scroll of silence
 u - 2 scrolls of blinking {unknown}
 y - a scroll of torment {unknown}
Potions
 d - a potion of might
 e - a potion of berserk rage {unknown}
 f - a potion of mutation {unknown}
 h - a potion of attraction {unknown}
 i - a potion of curing {unknown}
 n - 2 potions of heal wounds {unknown}
 p - a potion of lignification {unknown}
 t - a potion of brilliance {unknown}


   Skills:
 + Level 5.7 Fighting
 * Level 6.5 Maces & Flails
 + Level 5.8 Armour
 + Level 5.7 Shields


You had 4 spell levels left.
You knew the following spells:

 Your Spells              Type           Power      Damage    Failure   Level
a - Animate Skeleton      Necr           0%         N/A       100%        1
b - Pain                  Necr           0%         1d4       100%        1

Your spell library contained the following spells:

 Spells                   Type           Power      Damage    Failure   Level
 Corpse Rot               Necr/Air       0%         N/A       100%        2
 Ensorcelled Hibernation  Hex/Ice        0%         N/A       100%        2
 Poisonous Vapours        Pois/Air       0%         N/A       100%        2
 Spider Form              Tmut/Pois      0%         N/A       100%        3
 Summon Guardian Golem    Hex/Summ       0%         N/A       100%        3
 Anguish                  Hex/Necr       0%         N/A       100%        4
 Agony                    Necr           0%         N/A       100%        5
 Orb of Destruction       Conj           0%         9d5       100%        7
 Spellforged Servitor     Conj/Summ      0%         N/A       100%        7


Dungeon Overview and Level Annotations

Branches:
Dungeon (6/15)
 Temple: D:4-7

Altars:
Cheibriados
Kikubaaqudgha
Qazlal
Wu Jian
The Shining One


Innate Abilities, Weirdness & Mutations

You have a pair of horns on your head.
You reflexively headbutt those who attack you in melee.


Message History

You block the gnoll sergeant's attack. You block the gnoll's attack.
There is an open door, spattered with blood here.
Things that are here:
a +0 club; a gnoll corpse You block the gnoll sergeant's attack.
The gnoll hits you but does no damage.
You lunge at the gnoll sergeant, but your attack speed is too slow for a blow to land.
The gnoll sergeant hits you but does no damage.
The gnoll hits you with a +0 halberd.
There is an open door, spattered with blood here.
Things that are here:
a +0 club; a gnoll corpse The gnoll sergeant completely misses you.
You block the gnoll's attack.
You lunge at the gnoll sergeant.
You thump the gnoll sergeant!
You kill the gnoll sergeant!
The Council accepts your kill. The gnoll hits you but does no damage.
There is an open door, spattered with blood here.
Things that are here:
a +0 club; a gnoll corpse The gnoll hits you from afar with a +0 halberd!
* * * LOW HITPOINT WARNING * * *
You hit the gnoll but do no damage.
You headbutt the gnoll, but do no damage.
You block the gnoll's attack. The gnoll barely misses you.
You closely miss the gnoll. You headbutt the gnoll!
The gnoll is severely wounded.
The gnoll hits you but does no damage.
The gnoll hits you from afar with a +0 halberd!
* * * LOW HITPOINT WARNING * * *
The gnoll hits you with a +0 whip.
* * * LOW HITPOINT WARNING * * *
Okay, then.
You feel very mighty all of a sudden. The gnoll hits you but does no damage.
The gnoll hits you with a +0 whip.
* * * LOW HITPOINT WARNING * * *
You barely miss the gnoll. Your headbutt misses the gnoll.
The gnoll is severely wounded.
The gnoll hits you from afar with a +0 halberd.
You die...

## ..## ....
... #.. ####
#.##..####..#
......g#)...#
......)g@...#
##########..#
#..####
#.....#
#...<.#
#.....#
##..### ####


You could see 2 gnolls.

Vanquished Creatures
  The ghost of P0WERM0DE the Sneak, an amateur OpMo (D:3)
  A centaur (D:5)
  A gnoll sergeant (D:6)
  A scorpion (D:5)
  A komodo dragon skeleton (D:5)
  A water moccasin zombie (D:3)
  A howler monkey (D:5)
  A centaur zombie (D:4)
  A bullfrog skeleton (D:3)
  2 bullfrog zombies
  Crazy Yiuf (D:4)
  A jelly (D:5)
  2 iguanas (D:4)
  An acid dragon zombie (D:4)
  2 hound skeletons
  2 gnolls (D:6)
  A howler monkey skeleton (D:4)
  5 adders
  An orc skeleton (D:5)
  An adder skeleton (D:4)
  A gnoll skeleton (D:4)
  4 worms
  6 dart slugs
  5 orcs (D:4)
  4 ball pythons
  9 bats
  8 endoplasms
  4 giant cockroaches
  A gnoll zombie (D:3)
  7 goblins
  3 hobgoblins
  8 jackals
  6 quokkas
  A ball python skeleton (D:3)
  A frilled lizard (D:3)
  2 frilled lizard skeletons
  A giant cockroach zombie (D:3)
  A hobgoblin skeleton (D:4)
  7 kobolds
  A kobold skeleton (D:4)
  4 orc zombies (D:4)
  22 rats
134 creatures vanquished.

Vanquished Creatures (collateral kills)
  A bat (D:2)
1 creature vanquished.

Grand Total: 135 creatures vanquished

Notes
Turn   | Place    | Note
-------+----------+-------------------------------------------
     0 | D:1      | Cape the Minotaur Fighter began the quest for the Orb.
     0 | D:1      | Reached XP level 1. HP: 19/19 MP: 0/0
    81 | D:1      | Reached XP level 2. HP: 23/27 MP: 1/1
   678 | D:1      | Found a faded altar of an unknown god.
   687 | D:1      | Prayed at the altar of an unknown god.
   687 | D:1      | Became a worshipper of Kikubaaqudgha
   687 | D:1      | Reached * piety under Kikubaaqudgha
   687 | D:1      | Received a gift from Kikubaaqudgha
   851 | D:1      | Reached XP level 3. HP: 20/33 MP: 2/2
   856 | D:1      | Reached skill level 3 in Maces & Flails
  1041 | D:2      | Learned a level 1 spell: Animate Skeleton
  1048 | D:2      | Learned a level 1 spell: Pain
  1231 | D:2      | Reached XP level 4. HP: 33/40 MP: 3/3
  1232 | D:2      | Reached ** piety under Kikubaaqudgha
  1777 | D:3      | Found an ornate altar of the Wu Jian Council.
  1786 | D:3      | Fell from the grace of Kikubaaqudgha
  1786 | D:3      | Became a worshipper of the Wu Jian Council
  1855 | D:3      | Reached skill level 4 in Maces & Flails
  2064 | D:3      | Reached XP level 5. HP: 47/47 MP: 4/4
  2117 | D:3      | Found a runed translucent door.
  2117 | D:3      | Noticed P0WERM0DE's ghost (amateur OpMo)
  2140 | D:3      | Killed P0WERM0DE's ghost
  2141 | D:3      | Reached skill level 5 in Armour
  2166 | D:3      | Found a snail-covered altar of Cheibriados.
  2685 | D:4      | Reached XP level 6. HP: 55/55 MP: 5/5
  2688 | D:4      | Reached skill level 5 in Maces & Flails
  2691 | D:4      | Reached skill level 5 in Fighting
  2919 | D:4      | Reached skill level 5 in Shields
  2968 | D:4      | Found a runed translucent door.
  2969 | D:4      | Noticed Crazy Yiuf
  3662 | D:4      | Identified the +1 robe of Indemnity {rF++ Will-}
  4388 | D:4      | Killed Crazy Yiuf
  4698 | D:5      | Entered Level 5 of the Dungeon
  4746 | D:5      | Reached * piety under Wu Jian
  4747 | D:5      | Reached XP level 7. HP: 51/61 MP: 6/6
  5131 | D:5      | Reached skill level 6 in Maces & Flails
  5269 | D:5      | Found a glowing golden altar of the Shining One.
  5270 | D:5      | Found a stormy altar of Qazlal.
  5973 | D:6      | HP: 2/62 [gnoll/+0 whip (6)]
  5974 | D:6      | Slain by a gnoll

Illustrated notes

Levels and vault maps discovered:
D:1:      minmay_arrival_open_corners, layout_loops_ring,
          dreamdust_ecumenical_altar_hidden_monk_grotto
D:2:      layout_rooms, minmay_rat_hole
D:3:      layout_basic, slow_altar_2, nicolae_overflow_crystal_walls,
          hellmonk_ghost_happy_afterlife, due_unseen_surprise
D:4:      layout_basic, uniq_crazy_yiuf_cottage
D:5:      layout_basic, gammafunk_temple_overflow_pools
D:6:      layout_gridville, vehumet_statue, uniq_duvessa, uniq_menkaure

Skill      XL: |  1  2  3  4  5  6  7 |
---------------+----------------------+-----
Fighting       | 4 5 |  5.7
Armour         | 4 5 |  5.8
Shields        | 4 5 |  5.7
Maces & Flails | 3 4 5 6 |  6.5

Action                   |  1- 3 |  4- 6 |  7- 9 || total
-------------------------+-------+-------+-------++-------
Melee: Flail             |    90 |   157 |    41 ||   288
       Headbutt          |     5 |    41 |    12 ||    58
       Staff             |       |    58 |       ||    58
 Cast: Animate Skeleton  |       |     2 |       ||     2
Invok: Lunge             |       |    11 |     4 ||    15
       Whirlwind         |       |       |     1 ||     1
Evoke: Wand              |       |     1 |       ||     1
  Use: Scroll            |     1 |       |       ||     1
       Potion            |       |       |     1 ||     1
Armor: Scale mail        |    50 |   101 |     3 ||   154
       Chain mail        |       |       |    13 ||    13
Dodge: Dodged            |    58 |    93 |    14 ||   165
Block: Buckler           |    19 |    57 |       ||    76
       Kite shield       |       |    16 |    23 ||    39
